 Dungeon Crawl Stone Soup version 0.28.0-53-g5a82cb258f (webtiles) character file.

Game seed: 902693913336099154

17 szrap the Caller (level 2, 20/20 HPs)
             Began as a Merfolk Summoner on Mar 16, 2022.
             Quit the game on level 2 of the Dungeon on May 20, 2022.
             The game lasted 00:04:05 (1077 turns).

szrap the Caller (Merfolk Summoner)                 Turns: 1077, Time: 00:04:06

Health: 20/20      AC:  5    Str:  8    XL:     2   Next: 62%
Magic:  5/5        EV: 10    Int: 14    God:
Gold:   59         SH:  0    Dex: 14    Spells: 2/5 levels left

rFire   . . .      SeeInvis .   f - +0 halberd
rCold   . . .      Faith    .   (shield currently unavailable)
rNeg    . . .      Spirit   .   b - +0 ring mail
rPois   .          Reflect  .   (no helmet)
rElec   .          Harm     .   (no cloak)
rCorr   .          Rampage  .   (no gloves)
Will    .....                   (no boots)
Stlth   +.........              (no amulet)
HPRegen 0.06/turn               (no ring)
MPRegen 0.09/turn               (no ring)

@: no status effects
A: (nimble swimmer 2), mertail
a: no special abilities


You were on level 2 of the Dungeon.
You visited 1 branch of the dungeon, and saw 2 of its levels.

You collected 59 gold pieces.

Inventory:

Hand Weapons
 f - a +0 halberd (weapon)
Armour
 a - a +0 robe
 b - a +0 ring mail (worn)
 c - a +0 chain mail
Scrolls
 g - a scroll of identify


   Skills:
 * Level 0.8 Fighting
 * Level 0.6 Polearms
 * Level 2.9 Dodging
 - Level 2.1 Stealth
 - Level 2.0 Spellcasting
 + Level 4.4 Summonings


You had 2 spell levels left.
You knew the following spells:

 Your Spells              Type           Power      Damage    Failure   Level
a - Summon Small Mammal   Summ           52%        N/A       12%         1
b - Call Imp              Summ           13%        N/A       19%         2

Your spell library contained the following spells:

 Spells                   Type           Power      Damage    Failure   Level
 Call Canine Familiar     Summ           13%        N/A       34%         3
 Summon Guardian Golem    Hex/Summ       7%         N/A       65%         3
 Summon Lightning Spire   Summ/Air       7%         N/A       96%         4


Dungeon Overview and Level Annotations

Branches:
Dungeon (2/15)

Altars:


Innate Abilities, Weirdness & Mutations

((You are very nimble when in or above water. (Stealth+, EV+, Speed+++)))
Your lower body shifts to a powerful aquatic tail in water.


Message History

There is an escape hatch in the floor here.
Done exploring.
Done exploring.
Your bat disappears in a puff of smoke!
There is an open door here.
You open the door.
There is an open door here.
You see here a +0 ring mail.
There is a stone staircase leading down here.
You climb downwards.
Found a scroll labelled YTEOCHI EDEE.
Found a stone staircase leading down.
There is a stone staircase leading up here.
As you read the scroll labelled ASALLU OMOJIXT, it crumbles to dust.
It is a scroll of amnesia.
Really abort (and waste the scroll)? [Y]es or [N]o only, please.
Really abort (and waste the scroll)? [Y]es or [N]o only, please.
Really abort (and waste the scroll)? [Y]es or [N]o only, please.
Really abort (and waste the scroll)? [Y]es or [N]o only, please.
Really abort (and waste the scroll)? [Y]es or [N]o only, please.
Really abort (and waste the scroll)? [Y]es or [N]o only, please.
Really abort (and waste the scroll)?
Really abort (and waste the scroll)?
Okay, then.
As you read the scroll labelled YTEOCHI EDEE, it crumbles to dust.
It is a scroll of identify.
d - 2 potions of degeneration You drop 2 potions of degeneration.
Memorise Call Imp, consuming 2 spell levels and leaving 2?
You start memorising the spell.
You continue memorising. x2
You finish memorising.
Spell assigned to 'b'.
Saving game... please wait.
Welcome back, szrap the Merfolk Summoner.
Press ? for a list of commands and other information.
Are you sure you want to abandon this character and quit the game? (Confirm with "yes".)

#.# #.#
#.# #.# #
#.# ####.
#.#
......#.#
#..@#
##..#
#..# ..>#
....#
.....#
......#
..?.....


There were no monsters in sight!

Vanquished Creatures
  A giant cockroach (D:1)
  A goblin (D:1)
  A hobgoblin (D:1)
  2 kobolds (D:1)
  A rat (D:1)
6 creatures vanquished.

Vanquished Creatures (collateral kills)
  A bat (D:1)
  3 goblins (D:1)
  A hobgoblin (D:1)
  A kobold (D:1)
  2 ball pythons (D:1)
  A frilled lizard (D:1)
9 creatures vanquished.

Grand Total: 15 creatures vanquished

Notes
Turn   | Place    | Note
-------+----------+-------------------------------------------
     0 | D:1      | szrap the Merfolk Summoner began the quest for the Orb.
     0 | D:1      | Reached XP level 1. HP: 13/13 MP: 3/3
   154 | D:1      | Found a faded altar of an unknown god.
   420 | D:1      | Reached XP level 2. HP: 18/20 MP: 1/5
  1077 | D:2      | Learned a level 2 spell: Call Imp
  1077 | D:2      | Upgraded the game from 0.28.0-43-g3370ac3207 to
                  | 0.28.0-53-g5a82cb258f
  1077 | D:2      | Quit the game

Illustrated notes

Levels and vault maps discovered:
D:1:      onia_arrival_mini_maze, layout_basic,
          hellmonk_ecumenical_altar_lost_god
D:2:      layout_basic, serial_glass, glass_columns_a, glass_columns_a,
          grunt_decor_arrowhead

Action                   || total
-------------------------++-------
Melee: Halberd           ||    15
       Short sword       ||     3
       Unarmed           ||     2
 Cast: Summon Small Mamm ||    19
  Use: Scroll            ||     2
Armor: Ring mail         ||     6
Dodge: Dodged            ||     5
